 Dungeon Crawl Stone Soup version 0.21-a0-516-gaaff437 (webtiles) character file.

1545 esteth the Basher (level 8, -1/70 HPs)
             Began as a Hill Orc Monk on Dec 3, 2017.
             Was a Believer of Beogh.
             Slain by an orc warrior
             ... wielding a +0 halberd
              (8 damage)
             ... on level 6 of the Dungeon.
             The game lasted 00:15:08 (7257 turns).

esteth the Basher (Hill Orc Monk)                   Turns: 7257, Time: 00:15:09

Health: -1/70      AC:  9    Str: 18    XL:     8   Next: 87%
Magic:  10/13      EV:  8    Int: 11    God:    Beogh [**....]
Gold:   252        SH:  5    Dex: 17    Spells: 7/7 levels left

rFire    . . .     SeeInvis +   A - +5 falchion of Xom's Favour {elec, Dex+4 SInv}
rCold    . . .     Gourm    .   f - +0 buckler
rNeg     . . .     Faith    .   g - +0 chain mail
rPois    .         Spirit   .   (no helmet)
rElec    .         Reflect  .   (no cloak)
rCorr    .         Harm     .   C - +0 pair of gloves {Str+3}
MR       .....                  (no boots)
Stlth    ..........             (no amulet)
HPRegen  0.21/turn              (no ring)
MPRegen  0.13/turn              (no ring)

@: no status effects
A: no striking features
a: Smiting, Renounce Religion


You were on level 6 of the Dungeon.
You worshipped Beogh.
Beogh was pleased with you.
You were not hungry.

You visited 1 branch of the dungeon, and saw 6 of its levels.

You collected 252 gold pieces.

Inventory:

Hand Weapons
 a - a +0 mace
 i - a +0 mace of crushing
 A - the +5 falchion of Xom's Favour (weapon) {elec, Dex+4 SInv}
   (You found it on level 6 of the Dungeon)

   Occasionally, upon striking a foe, it will discharge some electrical energy
   and cause terrible harm.
   It affects your dexterity (+4).
   It lets you see invisible.
Armour
 b - a +0 robe
 f - a +0 buckler (worn)
 g - a +0 chain mail (worn)
 v - a +0 ring mail
 C - a +0 pair of gloves of strength (worn)
Wands
 l - a wand of iceblast (9)
 y - a wand of digging (13)
 z - a wand of polymorph (13)
Scrolls
 d - 4 scrolls of identify {unknown}
 e - 2 scrolls of remove curse {unknown}
 h - 2 scrolls of teleportation {unknown}
 j - a scroll of immolation {unknown}
 r - 2 scrolls of fog {unknown}
 t - a scroll of amnesia {unknown}
 u - a scroll of blinking {unknown}
Potions
 m - 2 potions of brilliance
 n - a potion of berserk rage {unknown}
 p - a potion of might {unknown}
 s - 2 potions of degeneration {unknown}
 w - 3 potions of agility {unknown}
 x - 2 potions of curing
 B - a potion of mutation {unknown}
 D - a potion of heal wounds
Comestibles
 c - 4 bread rations
 k - 3 royal jellies
 o - 2 meat rations
 q - 7 fruits


   Skills:
 - Level 6.0 Fighting
 + Level 1.0 Long Blades
 - Level 8.3 Maces & Flails
 - Level 2.4 Dodging
 - Level 1.5 Stealth
 - Level 4.1 Shields
 + Level 7.4 Invocations


You had 7 spell levels left.
You didn't know any spells.

Dungeon Overview and Level Annotations

Branches:
Dungeon (6/15)             Temple (0/1) D:5

Altars:
Zin

Shops:
D:4 *(

Annotations:
D:5 Sigmund


Message History

Aiming: Smiting
Press: ? - help, Dir - move target cursor, f - orc warrior Smite: an orc warrior, wielding a halberd and wearing a plate armour You smite the orc warrior!
The orc warrior is severely wounded.
The orc warrior hits you from afar with a halberd.
You block the orc warrior's attack.
You barely miss the orc warrior.
The orc warrior is severely wounded.
The orc wizard hits you but does no damage.
The orc warrior hits you with a halberd!
* * * LOW HITPOINT WARNING * * *
The orc wizard casts a spell at you. The magic dart hits you!
* * * LOW HITPOINT WARNING * * *
You hit the orc warrior but do no damage.
The orc warrior is severely wounded.
The orc warrior hits you with a halberd!
You die...
Beogh appreciates the orc warrior's killing of a heretic priest.

###..# .###...............
#..# ..# #.............. #
#..# #.# #.......).....#
###..# ### #.# ##............#
.##..###.###.# #............#
..#..........# ##...........#
.............## #...........#
.....#........#####.........##
.....####.......@o..........#
.....## ###......o.........##
......# ##.............####
......####...####...#..##
............## ##..##.#
......###...## ##..##.#
.....## ###..####...##.#
....## #.........###.## #..##
#..######## #..##


You could see an orc warrior and an orc wizard.

Vanquished Creatures
  Menkaure (D:6)
  A hungry ghost (D:6)
  A phantom (D:4)
  2 ogres (D:6)
  A centaur (D:4)
  4 bullfrogs (D:6)
  2 centaur zombies
  A crimson imp (D:6)
  3 orc priests
  2 hounds (D:5)
  A jelly (D:5)
  A bullfrog skeleton (D:6)
  2 centaur skeletons
  Terence (D:2)
  An iguana (D:5)
  An orc wizard (D:4)
  4 worker ants
  Robin (D:2)
  2 river rats (D:4)
  4 adders
  An adder skeleton (D:4)
  An adder zombie (D:5)
  4 worms
  2 dart slugs
  A leopard gecko (D:6)
  14 orcs
  A ball python (D:4)
  8 bats
  8 giant cockroaches
  12 goblins
  5 hobgoblins
  15 jackals
  6 kobolds
  A quokka (D:2)
  3 frilled lizards
  6 rats
124 creatures vanquished.

Vanquished Creatures (others)
  An orc priest (D:4)
  An orc (D:4)
  5 toadstools (D:1)
7 creatures vanquished.

Grand Total: 131 creatures vanquished

Notes
Turn   | Place    | Note
-------+----------+-------------------------------------------
     0 | D:1      | esteth the Hill Orc Monk began the quest for the Orb.
     0 | D:1      | Reached XP level 1. HP: 19/19 MP: 1/1
   213 | D:1      | Reached XP level 2. HP: 23/27 MP: 2/2
   360 | D:1      | Reached skill level 1 in Shields
   774 | D:2      | Reached XP level 3. HP: 8/33 MP: 3/3
  1140 | D:2      | Found a glowing silver altar of Zin.
  1168 | D:2      | Reached skill level 4 in Maces & Flails
  1235 | D:2      | Noticed Robin
  1243 | D:2      | Killed Robin
  1244 | D:2      | Reached XP level 4. HP: 36/41 MP: 4/4
  1692 | D:2      | Noticed Terence
  1713 | D:2      | Killed Terence
  2379 | D:3      | Reached XP level 5. HP: 34/47 MP: 5/5
  2945 | D:4      | Found Cuirojap's Antique Weapon Shoppe.
  3107 | D:4      | Noticed a phantom
  3167 | D:4      | Killed a phantom
  3167 | D:4      | Reached skill level 5 in Fighting
  3197 | D:4      | Found Wukkus's Whimsical Warehouse.
  3424 | D:4      | Reached XP level 6. HP: 45/56 MP: 6/6
  3500 | D:4      | Reached skill level 5 in Maces & Flails
  3689 | D:4      | Became a worshipper of Beogh the Brigand
  3689 | D:4      | Reached * piety under Beogh
  3689 | D:4      | Reached ** piety under Beogh
  4410 | D:4      | Reached XP level 7. HP: 36/63 MP: 7/7
  4865 | D:5      | Entered Level 5 of the Dungeon
  4879 | D:5      | Found a staircase to the Ecumenical Temple.
  4960 | D:5      | Reached skill level 1 in Invocations
  5150 | D:5      | Reached skill level 6 in Maces & Flails
  5813 | D:5      | Noticed Sigmund
  5913 | D:6      | Reached XP level 8. HP: 31/70 MP: 11/11
  5978 | D:6      | Reached skill level 7 in Maces & Flails
  5978 | D:6      | Reached skill level 5 in Invocations
  6321 | D:6      | Noticed Menkaure
  6327 | D:6      | Killed Menkaure
  6904 | D:6      | Reached skill level 8 in Maces & Flails
  7050 | D:6      | Got a steaming falchion
  7051 | D:6      | Identified the +5 falchion of Xom's Favour {elec, Dex+4 SInv} (You found it on level 6 of the Dungeon)
  7243 | D:6      | Reached skill level 1 in Long Blades
  7257 | D:6      | Slain by an orc warrior

Vault maps used:
D:1:      ldierk_walled_garden
D:2:      zin_academy, first_bread, minmay_misc_feat_roman, nrook_uturn,
          uniq_robin, uniq_terence
D:4:      gup_sewer_entry_bowl, serial_shops, shop, nicolae_alphabet_shops
D:5:      temple_statues, uniq_sigmund
D:6:      uniq_menkaure

Skill      XL: |  1  2  3  4  5  6  7  8 |
---------------+-------------------------+-----
Fighting       | 4 5 6 |  6.0
Shields        | 1 2 3 4 |  4.1
Maces & Flails | 4 5 6 8 |  8.3
Invocations    | 4 7 |  7.4
Long Blades    | 1 |  1.0
Dodging        | |  2.4
Stealth        | |  1.5

Action                   |  1- 3 |  4- 6 |  7- 9 || total
-------------------------+-------+-------+-------++-------
Melee: Mace              |   127 |   302 |   175 ||   604
       Falchion          |       |       |    11 ||    11
Invok: Smiting           |       |     2 |     6 ||     8
       Convert to Beogh  |       |     1 |       ||     1
  Use: Potion            |     2 |     7 |       ||     9
  Eat: Chunk             |     1 |     8 |     8 ||    17
       Bread ration      |       |     1 |     1 ||     2
Armor: Robe              |     5 |       |       ||     5
       Chain mail        |    78 |   176 |    98 ||   352
Dodge: Dodged            |    64 |    96 |    72 ||   232
Block: Buckler           |    21 |    60 |    47 ||   128

Table legend:
 A = Spawn XP
 B = Non-spawn XP
 C = Spawn XP percentage of total XP
 D = Spawn monster count
 E = Non-spawn monster count
 F = Spawn count percentage of total count
 G = Total turns spent on level
                    A         B        C        D         E        F      G
               +---------+---------+-------+---------+---------+-------+---------
         Total |       0 |    2208 |   0.0 |       0 |     124 |   0.0 |  7257
               +---------+---------+-------+---------+---------+-------+---------
           D:1 |       0 |      30 |   0.0 |       0 |      15 |   0.0 |   753
           D:2 |       0 |     121 |   0.0 |       0 |      32 |   0.0 |  1350
           D:3 |       0 |      32 |   0.0 |       0 |      11 |   0.0 |   767
           D:4 |       0 |     443 |   0.0 |       0 |      29 |   0.0 |  1995
           D:5 |       0 |     389 |   0.0 |       0 |      18 |   0.0 |   962
           D:6 |       0 |    1193 |   0.0 |       0 |      19 |   0.0 |  1430
               +---------+---------+-------+---------+---------+-------+---------
